 Dungeon Crawl Stone Soup version 0.31.0-9-g3a7656b989 (webtiles) character file.

Game seed: 17375982267055237865

107 qw the Skirmisher (level 4, 0/25 HPs)
             Began as a Deep Elf Hunter on Feb 2, 2024.
             Slain by Sigmund
             ... wielding a +0 scythe
              (3 damage)
             ... on level 3 of the Dungeon.
             The game lasted 00:00:06 (1513 turns).

qw the Skirmisher (Deep Elf Hunter)                 Turns: 1513, Time: 00:00:06

Health: 0/25       AC:  5    Str: 10    XL:     4   Next: 56%
Magic:  6/6        EV: 11    Int: 14    God:
Gold:   196        SH:  0    Dex: 18    Spells: 3/3 levels left

rFire   . . .        a - +0 shortbow
rCold   . . .        (shield currently unavailable)
rNeg    . . .        f - +0 ring mail
rPois   .            (no helmet)
rElec   .            (no cloak)
rCorr   .            (no gloves)
SInv    .            (no boots)
Will    .....        (no amulet)
Stlth   +            (no ring)
HPRegen 0.24/turn    (no ring)
MPRegen 0.10/turn

%: no passive effects
@: no status effects
A: no striking features
a: no special abilities


You were on level 3 of the Dungeon.
You visited 1 branch of the dungeon, and saw 3 of its levels.

You collected 196 gold pieces.


   Skills:
 - Level 1.5 Fighting
 + Level 8.0 Ranged Weapons
 - Level 2.4 Dodging
 - Level 1.2 Stealth


You had 3 spell levels left.
You didn't know any spells.
Your spell library was empty.

Inventory:

Hand Weapons
 a - a +0 shortbow (weapon)
Armour
 f - a +0 ring mail (worn)
Wands
 d - a wand of polymorph (4)
Scrolls
 b - a scroll of teleportation
Potions
 g - a potion of mutation

Dungeon Overview and Level Annotations

Branches:
Dungeon (3/15)

Altars:

Annotations:
D:3 1 runed translucent door, Crazy Yiuf, Sigmund


Message History

A quokka comes into view.
You shoot an arrow. The arrow hits the quokka!
You kill the quokka!
There is a stone staircase leading down here.
Sigmund the Dreaded comes into view.
He is wielding a +0 scythe.
You shoot an arrow.
The arrow hits Sigmund but does no damage.
Sigmund points at you and mumbles some strange words.
The puff of flame hits you!
1495 ||| FLEEEEING.
1496 ||| FLEEEEING.
1497 ||| FLEEEEING.
1498 ||| FLEEEEING.
1499 ||| FLEEEEING.
You start resting.
Sigmund is nearby!
You shoot an arrow. The arrow barely misses Sigmund.
You shoot an arrow. The arrow hits Sigmund.
Sigmund is lightly wounded.
Sigmund hits you but does no damage.
You shoot an arrow. The arrow closely misses Sigmund.
Sigmund closely misses you.
You shoot an arrow. The arrow closely misses Sigmund.
Sigmund gestures at you while chanting. The magic dart hits you.
You shoot an arrow. The arrow hits Sigmund.
Sigmund is lightly wounded.
Sigmund casts a spell.
Sigmund flickers and vanishes!
Deactivating autopickup; reactivate with Ctrl-A.
You shoot an arrow. Something hits you.
You shoot an arrow. Something hits you!
You shoot an arrow. You shoot an arrow. Something hits you.
You shoot an arrow. Something hits you.
You die...

# #.... #.. #.#..
..#.... #.# #.### ##
#...... #%# #.# # .#
#...@. #.# #.# # .#
#...%##.# #########
#.# # .# #....#
#.......# #.# # .#
###..# #.......# #.#
# .#
##.#####.......###.#
# ##
#>{.@........%....#
#
#######.......#####
# #.......# #
#.......# #
#.......# #########


There were no monsters in sight!

Vanquished Creatures
  Jessica (D:2)
  4 adders
  2 dart slugs (D:3)
  4 orcs (D:3)
  An endoplasm (D:2)
  2 goblins (D:2)
  2 hobgoblins (D:1)
  A quokka (D:3)
  4 ball pythons
  9 bats
  4 kobolds (D:1)
  7 rats
41 creatures vanquished.

Notes
Turn   | Place    | Note
-------+----------+-------------------------------------------
     0 | D:1      | qw the Deep Elf Hunter began the quest for the Orb.
     0 | D:1      | Reached XP level 1. HP: 12/12 MP: 3/3
     0 | D:1      | 0 ||| qw: Version: 0.3-a-155-g5e7d8dd
     0 | D:1      | 0 ||| qw: Game counter: 983
     0 | D:1      | 0 ||| qw: Melee chars always use a shield: true
     0 | D:1      | 0 ||| qw: God list: Okawaru
     0 | D:1      | 0 ||| qw: Allow faded altars: false
     0 | D:1      | 0 ||| qw: Do Orc after clearing Dungeon:15 true
     0 | D:1      | 0 ||| qw: Do second Lair branch before Depths: true
     0 | D:1      | 0 ||| qw: Lair rune preference: random
     0 | D:1      | 0 ||| qw: Goals: Normal
     0 | D:1      | 0 ||| PLANNING D:1-11
   534 | D:1      | 534 ||| UPGRADING to +0 ring mail.
   544 | D:1      | 544 ||| DROPPING +0 leather armour.
   545 | D:1      | 545 ||| READING 2 scrolls labelled TOCUROQAUT.
   545 | D:1      | 545 ||| IDENTIFYING inky potion
   546 | D:1      | 546 ||| READING scroll of identify.
   546 | D:1      | 546 ||| IDENTIFYING 3 yellow potions
   547 | D:1      | 547 ||| READING scroll labelled CISES NUB JAMN.
   551 | D:1      | 551 ||| READING scroll labelled QUAMIOH NOASU.
   652 | D:1      | 652 ||| READING scroll labelled NIYCAKL ZYPA.
   653 | D:1      | 653 ||| DROPPING scroll of butterflies.
   654 | D:1      | 654 ||| DROPPING 3 potions of lignification.
   681 | D:2      | Reached XP level 2. HP: 16/16 MP: 4/4
   683 | D:2      | Reached skill level 6 in Ranged Weapons
   684 | D:2      | 684 ||| STAIRDANCE
   853 | D:2      | Noticed Jessica
   855 | D:2      | Killed Jessica
   856 | D:2      | Reached skill level 7 in Ranged Weapons
   856 | D:2      | Reached XP level 3. HP: 20/20 MP: 5/5
   963 | D:2      | Found a faded altar of an unknown god.
  1091 | D:2      | 1091 ||| READING scroll of identify.
  1091 | D:2      | 1091 ||| IDENTIFYING 2 purple potions
  1092 | D:2      | 1092 ||| DROPPING 2 potions of degeneration.
  1178 | D:3      | Found a runed translucent door.
  1179 | D:3      | Noticed Crazy Yiuf
  1206 | D:3      | Reached XP level 4. HP: 25/25 MP: 6/6
  1474 | D:3      | Reached skill level 8 in Ranged Weapons
  1493 | D:3      | Noticed Sigmund
  1495 | D:3      | 1495 ||| FLEEEEING.
  1496 | D:3      | 1496 ||| FLEEEEING.
  1497 | D:3      | 1497 ||| FLEEEEING.
  1498 | D:3      | 1498 ||| FLEEEEING.
  1499 | D:3      | 1499 ||| FLEEEEING.
  1510 | D:3      | HP: 4/25 [something (8)]
  1513 | D:3      | Slain by Sigmund

Levels and vault maps discovered:
D:1:      wander_arrival_desolate, layout_loops_ring
D:2:      layout_rooms, shapermc_ecumenical_altar_mp_urbaneastern, uniq_jessica
D:3:      layout_basic, uniq_terence, uniq_crazy_yiuf_cottage, uniq_sigmund

Skill      XL: |  1  2  3  4 |
---------------+-------------+-----
Ranged Weapons | 7 8 |  8.0
Fighting       | |  1.5
Dodging        | |  2.4
Stealth        | |  1.2

Action                     |  1- 3 |  4- 6 || total
---------------------------+-------+-------++-------
   Fire: Shortbow          |    71 |    38 ||   109
    Use: Scroll            |     6 |       ||     6
 Armour: Leather armour    |     1 |       ||     1
         Ring mail         |    19 |    12 ||    31
  Dodge: Dodged            |    23 |     5 ||    28

Table legend:
 A = Non-vault XP
 B = Vault XP
 C = Vault XP percentage of total XP
 D = Non-vault monster count
 E = Vault monster count
 F = Vault count percentage of total count
                 A         B        C        D         E       F
            +---------+---------+-------+---------+---------+-------
      Total |     116 |      37 |  24.2 |      40 |       1 |   2.4
            +---------+---------+-------+---------+---------+-------
        D:1 |      12 |       0 |   0.0 |      10 |       0 |   0.0
        D:2 |      33 |      37 |  52.9 |      14 |       1 |   6.7
        D:3 |      71 |       0 |   0.0 |      16 |       0 |   0.0
            +---------+---------+-------+---------+---------+-------
